General information
- name: 1on1 sKilled VCK # 12312312
- type: Custom game
- host: Eye-Servant
- saver: Eye-Servant
map: EchoIsles
- players: 10
- length: 20:45
- speed: Fast
- version: 1.24 W3XP
- replay type: Public
» download(178 KB)
Players
team 1 (loser)
KhaRmA (
yellow | 229 APM | 4746 actions | 20:43)
4 Blademaster
2 Wind Walk
2 Critical Strike
4 Shadow Hunter
2 Hex
2 Healing Wave
» actions
| Assign group hotkey | 45 | |
| Basic commands | 49 | |
| Build / train | 78 | |
| ESC pressed | 2 | |
| Enter build submenu | 21 | |
| Enter hero's abilities submenu | 8 | |
| Give item / drop item | 5 | |
| Right click | 2608 | |
| Select / deselect | 825 | |
| Select group hotkey | 919 | |
| Use ability | 186 | |
4746 total
» units
| Peon | 10 | |
| Grunt | 10 | |
| Raider | 6 | |
| Spirit Walker | 5 | |
| Kodo Beast | 3 | |
34 total
» upgrades
| Ensnare | 1 | |
| Spirit Walker Training | 1 | |
| Pillage | 1 | |
| Berserker Strength | 1 | |
4 total
» buildings
| Altar of Storms | 1 | |
| Orc Burrow | 8 | |
| Barracks | 1 | |
| Stronghold | 1 | |
| Voodoo Lounge | 5 | |
| War Mill | 1 | |
| Beastiary | 1 | |
| Spirit Lodge | 2 | |
| Great Hall | 1 | |
21 total
» build order
00:04 Altar of Storms
00:18 Orc Burrow
00:34 Barracks
01:27 Orc Burrow
02:42 Stronghold
03:10 Voodoo Lounge
03:47 Voodoo Lounge
03:50 Voodoo Lounge
04:04 War Mill
04:22 Orc Burrow
05:06 Beastiary
05:07 Spirit Lodge
05:33 Spirit Lodge
08:59 Orc Burrow
10:09 Orc Burrow
12:00 Orc Burrow
12:03 Voodoo Lounge
13:43 Orc Burrow
15:55 Great Hall
16:35 Voodoo Lounge
16:41 Orc Burrow
» items
| Healing Salve | 9 | |
| Lesser Clarity Potion | 5 | |
| Scroll of Speed | 5 | |
| Boots of Speed | 1 | |
| Dust of Appearance | 1 | |
| Scroll of Healing | 2 | |
| Potion of Lesser Invulnerability | 1 | |
| Scroll of Town Portal | 1 | |
| Potion of Mana | 1 | |
26 total
team 2 (winner)
BLaCKWiDoWHaZe- (
blue | 174 APM | 3613 actions | 20:43)
6 Archmage
2 Summon Water Elemental
3 Brilliance Aura
1 Blizzard
3 Blood Mage
1 Banish
2 Siphon Mana
» actions
| Assign group hotkey | 79 | |
| Basic commands | 202 | |
| Build / train | 120 | |
| ESC pressed | 12 | |
| Enter build submenu | 39 | |
| Enter hero's abilities submenu | 8 | |
| Give item / drop item | 6 | |
| Right click | 1572 | |
| Select / deselect | 651 | |
| Select group hotkey | 766 | |
| Use ability | 158 | |
3613 total
» units
| Peasant | 21 | |
| Footman | 7 | |
| Sorceress | 5 | |
| Priest | 4 | |
| Ogre Mauler | 2 | |
| Forest Troll Berserker | 1 | |
| Flying Machine | 1 | |
| Mortar Team | 3 | |
| Spell Breaker | 5 | |
| Rifleman | 3 | |
52 total
» upgrades
| Masonry | 1 | |
| Lumber Harvesting | 1 | |
| Gunpowder | 3 | |
| Plating | 1 | |
| Priest Training | 1 | |
| Sorceress Training | 1 | |
| Magic Sentry | 1 | |
| Armor | 1 | |
10 total
» buildings
| Altar of Kings | 1 | |
| Barracks | 1 | |
| Farm | 14 | |
| Lumber Mill | 1 | |
| Town Hall | 1 | |
| Scout Tower | 11 | |
| Arcane Tower | 3 | |
| Arcane Vault | 1 | |
| Guard Tower | 7 | |
| Keep | 2 | |
| Blacksmith | 1 | |
| Arcane Sanctum | 3 | |
| Workshop | 1 | |
47 total
» build order
00:04 Altar of Kings
00:20 Barracks
00:31 Farm
00:57 Farm
01:31 Farm
02:46 Lumber Mill
04:18 Town Hall
04:23 Scout Tower
04:48 Arcane Tower
04:49 Scout Tower
04:52 Scout Tower
05:05 Arcane Vault
05:08 Farm
05:18 Guard Tower
05:32 Guard Tower
05:32 Scout Tower
06:49 Scout Tower
06:50 Scout Tower
06:53 Guard Tower
07:18 Guard Tower
07:26 Keep
07:26 Keep
08:02 Guard Tower
08:35 Blacksmith
08:37 Farm
09:53 Arcane Sanctum
10:26 Arcane Sanctum
11:56 Arcane Sanctum
12:26 Workshop
13:36 Farm
13:36 Farm
13:49 Farm
13:49 Farm
15:09 Farm
15:11 Farm
15:12 Farm
15:31 Farm
15:31 Farm
19:20 Scout Tower
19:20 Scout Tower
19:20 Scout Tower
19:24 Scout Tower
19:24 Scout Tower
19:56 Arcane Tower
19:56 Arcane Tower
19:57 Guard Tower
19:57 Guard Tower
» items
| Boots of Speed | 1 | |
| Dust of Appearance | 1 | |
| Scroll of Regeneration | 7 | |
| Lesser Clarity Potion | 5 | |
| Tome of Retraining | 1 | |
| Potion of Invisibility | 2 | |
| Potion of Lesser Invulnerability | 2 | |
| Staff of Teleportation | 3 | |
| Potion of Healing | 2 | |
| Scroll of Town Portal | 1 | |
| Scroll of Healing | 2 | |
| Scroll of Protection | 1 | |
28 total
observersEye-Servant,
Hawken,
freeonix,
viralChainer,
jack_ice,
mrph,
viralStarshaped,
shoTik.sTyle_ Chat log
(00:05 / Observers) viralStarshaped: ive been going panda first
(00:06 / Observers) viralStarshaped: a lot
(00:09 / Observers) viralStarshaped: recently
(00:11 / Observers) viralChainer: lol
(00:11 / All) BLaCKWiDoWHaZe-: gl
(00:11 / All) BLaCKWiDoWHaZe-: hf
(00:12 / Observers) viralStarshaped: usually vs UD tho
(00:16 / Observers) viralChainer: hope u in shape for gmg 2morrow
(00:17 / Observers) viralChainer: also lol
(00:21 / All) KhaRmA: glhf
(00:22 / Observers) viralStarshaped: only mu i cant see it working is vs orc
(00:23 / Observers) viralChainer: starshaped has beaten silentforce loads of times
(00:34 / Observers) viralStarshaped: and he has beaten me loads of times
(00:35 / Observers) Eye-Servant: zoz has beaten him 2
(00:36 / Observers) viralChainer: ya
(00:36 / All) KhaRmA: from
(00:37 / All) KhaRmA: ?
(00:40 / All) BLaCKWiDoWHaZe-: holland
(00:42 / Observers) viralChainer: im just saying
(00:45 / Observers) viralChainer: this hu
(00:46 / Observers) viralChainer: said hes good
(00:48 / All) KhaRmA: cool
(00:48 / All) KhaRmA: :D
(00:49 / Observers) viralChainer: cause he beat him once
(00:51 / All) BLaCKWiDoWHaZe-: P
(00:59 / All) KhaRmA: i visit holland
(01:01 / All) KhaRmA: every week
(01:01 / Observers) viralStarshaped: my creep route
(01:01 / All) KhaRmA: ^^
(01:02 / Observers) viralStarshaped: was sexy
(01:03 / Observers) viralStarshaped: mike
(01:04 / All) BLaCKWiDoWHaZe-: nice
(01:04 / All) BLaCKWiDoWHaZe-: :P
(01:05 / All) BLaCKWiDoWHaZe-: from?
(01:08 / Observers) viralChainer: mine was appauling
(01:09 / All) KhaRmA: germany
(01:12 / Observers) viralChainer: i did fast merc campo
(01:12 / All) KhaRmA: i visit
(01:13 / All) BLaCKWiDoWHaZe-: :P)
(01:14 / All) KhaRmA: Venlo
(01:16 / Observers) viralChainer: meaning to fe
(01:17 / Observers) viralChainer: then forgot
(01:18 / All) KhaRmA: sightseeing
(01:18 / All) KhaRmA: ))
(01:21 / Observers) viralStarshaped: panda and foots on the 2 murgul greens
(01:21 / All) BLaCKWiDoWHaZe-: )_
(01:22 / Observers) viralChainer: after losing everything to merc camp
(01:26 / Observers) viralStarshaped: miliz and a foot on the 2 standard greens
(01:28 / Observers) viralChainer: i assume u th00 crept a bit
(01:29 / Observers) viralChainer: yea
(01:31 / All) KhaRmA: u know what i mean
(01:34 / All) BLaCKWiDoWHaZe-: ofc
(01:35 / All) BLaCKWiDoWHaZe-: xd
(01:37 / Observers) viralStarshaped: the items lying around
(01:39 / Observers) viralStarshaped: tipped u off
(01:40 / Observers) viralStarshaped: i suppose
(01:44 / All) BLaCKWiDoWHaZe-: dont
(01:46 / All) BLaCKWiDoWHaZe-: know my name?
(01:46 / Observers) viralChainer: nah the low life milita
(01:49 / Observers) viralChainer: when ure army
(01:50 / Observers) viralChainer: was far away
(01:54 / All) KhaRmA: hm
(01:54 / All) KhaRmA: no
(01:59 / All) BLaCKWiDoWHaZe-: is weed
(02:02 / All) KhaRmA: ah
(02:07 / All) KhaRmA: isnt it
(02:10 / All) KhaRmA: whitewidow
(02:12 / Observers) viralStarshaped: lol 5 militia
(02:14 / All) KhaRmA: i dont know blackwidowhatze
(02:17 / Observers) viralStarshaped: ensnared wes
(02:21 / Observers) viralStarshaped: this guy isnt great
(02:39 / Observers) viralChainer: hes playing semi sexy tho
(02:45 / Observers) viralStarshaped: host here?
(02:48 / Observers) Eye-Servant: y
(02:50 / Observers) viralChainer: hope he creeps that
(02:52 / Observers) viralChainer: with milz
(02:53 / Observers) viralStarshaped: did u save the rep
(02:57 / Observers) viralStarshaped: me vs chainer
(02:59 / Observers) viralChainer: lol
(03:01 / Observers) Eye-Servant: what
(03:02 / Observers) viralChainer: obs chat of me
(03:04 / Observers) viralChainer: in the start
(03:07 / Observers) viralChainer: woudlve be so sad
(03:11 / Observers) Eye-Servant: I have auto save rep on
(03:21 / Observers) viralStarshaped: was there any obschat?
(03:30 / Observers) Eye-Servant: y
(03:39 / Observers) viralStarshaped: can u upload it to www.highper.ch
(03:41 / Observers) Eye-Servant: kharma woundering if chainer was good I think
(03:42 / Observers) viralStarshaped: dont need acc etc.
(03:44 / Observers) viralStarshaped: just upload
(03:52 / Observers) viralStarshaped: i wanna read obschat :D
(03:59 / Observers) Eye-Servant: its not much
(04:01 / Observers) Eye-Servant: not worth it
(04:08 / Observers) viralStarshaped: it wont take but a second
(04:08 / Observers) viralStarshaped: =(
(04:12 / Observers) viralChainer: surprised more people
(04:13 / Observers) viralChainer: didnt leave
(04:14 / Observers) viralStarshaped: the site displays obschat
(04:15 / Observers) viralChainer: after my start
(04:16 / Observers) viralStarshaped: so i can just read
(04:20 / Observers) Eye-Servant: ahh
(04:21 / Observers) Eye-Servant: sure
(04:25 / Observers) Eye-Servant: I upload after game
(04:29 / Observers) viralStarshaped: thx
(04:32 / Observers) viralStarshaped: www.highper.ch
(04:37 / Observers) Eye-Servant: remind me later
(04:43 / Observers) viralStarshaped: u can tab and do it now :D
(04:48 / Observers) Eye-Servant: hahahhaahaha
(04:51 / Observers) viralStarshaped: but ya i will remind you
(04:51 / Observers) viralChainer: lol star
(04:51 / Observers) Eye-Servant: 0.5 mbit internet
(04:53 / Observers) viralStarshaped: if i remember
(04:57 / Observers) Eye-Servant: guess what will happend
(05:02 / Observers) viralStarshaped: ^_^
(05:16 / Observers) viralStarshaped: god
(05:22 / Observers) viralStarshaped: whenever i wonder
(05:26 / Observers) viralStarshaped: why i play sc2 and not wc3
(05:30 / Observers) viralStarshaped: i just need to see some orc
(05:33 / Observers) viralChainer: lol
(05:33 / Observers) viralStarshaped: and i remember
(05:46 / Observers) viralChainer: repair?
(06:16 / Observers) viralChainer: sexy
(06:30 / Observers) viralChainer: focus the am..
(06:34 / Observers) viralChainer: lol kharma bad
(06:35 / Observers) Eye-Servant: hahhaa
(06:36 / All) KhaRmA: :/
(06:45 / Observers) viralChainer: urgg
(06:46 / Observers) viralStarshaped: what did i miss
(06:47 / Observers) viralChainer: sometimes i forget
(06:50 / Observers) viralChainer: we arnt on aze
(06:52 / Observers) viralStarshaped: btw mike u had like 100+ apm
(06:53 / Observers) viralStarshaped: tryhard nerd
(06:53 / Observers) Eye-Servant: bM BOWN
(06:56 / Observers) viralChainer: lol
(07:07 / Observers) viralChainer: cause i misclicked
(07:09 / Observers) viralChainer: like 200 times
(07:13 / Observers) viralChainer: stupid clunky units
(07:14 / Observers) viralStarshaped: yeah ur bad
(07:15 / Observers) viralChainer: i had formation on
(07:18 / Observers) viralChainer: but after i turned it off
(07:21 / Observers) viralStarshaped: yeah ur bad
(07:23 / Observers) viralChainer: everything still appeared to mvoe weird
(07:23 / Observers) Eye-Servant: starshaped
(07:24 / Observers) viralChainer: to me
(07:25 / Observers) Eye-Servant: arent u swe ?
(07:35 / Observers) viralChainer: he is
(07:42 / Observers) Eye-Servant: ok
(08:02 / Observers) viralChainer: that was nice lol
(08:05 / Observers) viralChainer: orc didnt move sh out
(08:07 / Observers) viralChainer: when am moved
(08:18 / Observers) Eye-Servant: when u bind a unit to a key
(08:20 / Observers) viralStarshaped: ya i am
(08:23 / Observers) Eye-Servant: how do u "unbind" it ?
(08:26 / Observers) viralChainer: coudlve killed bm
(08:30 / Observers) viralChainer: if hed attacked with the foots
(08:34 / Observers) viralChainer: instead of moving
(08:42 / Observers) viralChainer: u cant
(08:46 / Observers) viralChainer: u just overwrite it
(08:48 / Observers) viralChainer: with a new grouyp
(08:51 / Observers) viralStarshaped: i recently discovered if u hold down shift and control you can add units to a group just by selecting them
(08:52 / Observers) Eye-Servant: how
(08:57 / Observers) viralStarshaped: i coulda gone pro if i knew that before
(08:58 / Observers) viralStarshaped: =(
(09:01 / Observers) viralChainer: lol
(09:05 / Observers) viralChainer: my bro told me that years ago
(09:09 / Observers) viralChainer: i never bother tho
(09:11 / Observers) viralStarshaped: ur bros a faggot
(09:11 / Observers) viralChainer: less apm
(09:21 / Observers) viralStarshaped: just kidding mike
(09:23 / Observers) viralStarshaped: ur bros cool
(09:24 / Observers) viralStarshaped: unlike u
(09:42 / Observers) viralStarshaped: so pointless
(09:44 / Observers) viralStarshaped: to expo vs orc
(09:47 / Observers) viralStarshaped: u cant run around
(09:48 / Observers) viralChainer: nah
(09:50 / Observers) viralStarshaped: ur stuck in ur base
(09:51 / Observers) viralStarshaped: all game
(09:56 / Observers) viralStarshaped: he gets 5-5 heroes and counterexpos
(09:57 / Observers) viralStarshaped: gg
(09:58 / Observers) viralChainer: but then u just make a ball of gryph
(10:00 / Observers) viralChainer: with armour grades
(10:03 / Observers) viralChainer: and win
(10:04 / Observers) viralStarshaped: bats/alchi gg
(10:09 / Observers) viralChainer: nah
(10:13 / Observers) viralChainer: innerfire devotion etc
(10:23 / Observers) viralChainer: lol
(10:25 / Observers) viralStarshaped: bloodmage eh
(10:26 / Observers) viralChainer: he retrained blizz?
(10:37 / Observers) viralChainer: tried to jhack creep with it
(10:39 / Observers) Eye-Servant: y
(10:40 / Observers) viralChainer: bold but he failed
(10:57 / Observers) viralStarshaped: oooooooooooorc
(10:58 / Observers) Eye-Servant: 2.4 K gold
(11:05 / Observers) viralChainer: but blizz flamestrike foots cant do anything to bm right clcik
(11:05 / Observers) viralChainer: lol
(11:06 / Observers) viralStarshaped: its been a while since i used clap/blizz vs orc
(11:09 / Observers) viralStarshaped: i should try that
(11:17 / Observers) viralChainer: ah banish
(11:17 / Observers) viralChainer: lol
(11:21 / Observers) viralStarshaped: its just i cant ever afford 300 gold
(11:23 / Observers) viralStarshaped: to retrain
(11:33 / Observers) viralChainer: his surrounds are sexy
(11:39 / Observers) viralChainer: orc players never worry about surround
(11:41 / Observers) viralChainer: cause ww
(12:11 / Observers) viralChainer: so few wood peasants
(12:18 / Observers) freeonix: 3k gold ^^
(12:35 / Observers) viralChainer: workshop ;o
(12:45 / All) BLaCKWiDoWHaZe-: =
(12:46 / Observers) viralChainer: ahahhaha
(12:46 / Observers) jack_ice: lol
(12:46 / All) BLaCKWiDoWHaZe-: -_-
(12:50 / Observers) viralChainer: u see that
(13:04 / All) KhaRmA: ?
(13:06 / Observers) mrph: blue in panic after last orc attack
(13:09 / All) BLaCKWiDoWHaZe-: notin
(13:09 / All) BLaCKWiDoWHaZe-: :P
(13:17 / Observers) Eye-Servant: haha poor guy
(13:21 / Observers) viralStarshaped: what happened
(13:27 / Observers) viralChainer: his bm
(13:30 / Observers) Eye-Servant: he lost bem to creeps
(13:31 / Observers) viralChainer: got permabashed by creeps
(13:33 / Observers) viralChainer: in his blizzard
(13:38 / Observers) viralStarshaped: lol
(13:40 / Observers) viralChainer: not bem lol
(13:46 / Observers) viralChainer: he didnt cancel blizzard
(13:47 / Observers) Eye-Servant: bm
(13:50 / Observers) viralChainer: but the creeps got like 4 bashes in a row
(13:51 / Observers) viralChainer: funny
(14:18 / Observers) viralChainer: bm coudlve just used invun pot
(14:22 / Observers) viralChainer: and killed that army
(14:57 / Observers) viralChainer: lol
(14:59 / Observers) viralChainer: he used staff
(15:02 / Observers) viralChainer: and canceled
(15:27 / Observers) viralChainer: critttttttttttt
(18:21 / Observers) viralChainer: rifle caster vs orc <£
(18:50 / Observers) viralStarshaped: jesus
(18:52 / Observers) viralStarshaped: i was tabbed
(18:56 / Observers) viralStarshaped: but karma getting raped
(19:00 / Observers) viralChainer: yea he bad
(20:42 / All) KhaRmA: gg